 Dungeon Sprint DCSS version 0.17-a0-2109-g117576f (webtiles) character file.

463 Kidiri the Covert (level 6, -8/28 HPs)
             Began as a Spriggan Enchanter on Oct 19, 2015.
             Was an Initiate of Dithmenos.
             Killed by drain life
             ... invoked by a soul eater
             ... summoned by a kobold demonologist
              (18 damage)
             ... in the Dungeon (Sprint III: "The Ten Rune Challenge").
             The game lasted 00:03:00 (336 turns).

Kidiri the Covert (Spriggan Enchanter)               Turns: 336, Time: 00:03:00

Health: -8/28      AC:  6    Str:  4    XL:     6   Next: 79%
Magic:  11/17      EV: 24    Int: 18    God:    Dithmenos [......]
Gold:   19         SH:  2    Dex: 17    Spells: 5 memorised, 8 levels left

rFire  + . .     SeeInvis +     a - +1 dagger
rCold  + . .     Clarity  .     l - +1 robe {rC+ rF+}
rNeg   . . .     SustAt   .     (shield restricted)
rPois  .         Gourm    .     (helmet restricted)
rElec  .         Spirit   .     b - +0 cloak
rCorr  .         Warding  .     (gloves unavailable)
rMut   .         NoTele   +     (boots unavailable)
MR     +....                    (no amulet)
Stlth  +++++.....               (no ring)
                                (no ring)

@: very quick, somewhat resistant to hostile enchantments, quite stealthy
A: unfitting armour, large bone plates 1, see invisible, herbivore 3, speed 3,
slow metabolism 2
a: Renounce Religion


You were in the Dungeon.
You worshipped Dithmenos.
Dithmenos was noncommittal.
You were not hungry.

You visited 1 branch You collected 19 gold pieces.

Inventory:

Hand Weapons
 a - a +1 dagger (weapon)
Armour
 b - a +0 cloak (worn)
 l - a +1 robe of resistance (worn)
Scrolls
 j - a scroll of blinking
 k - a scroll of immolation
 n - a scroll of torment {unknown}
 o - 4 scrolls of remove curse
 r - a scroll of identify {unknown}
Potions
 e - 4 potions of curing
 f - a potion of heal wounds
 g - a potion of haste
 h - 2 potions of magic
 i - a potion of berserk rage
 t - a potion of beneficial mutation {unknown}
Books
 c - a book of Maledictions

   Spells                             Type                      Level
   a - Corona                         Hexes                        1
   b - Ensorcelled Hibernation        Hexes/Ice                    2
   c - Confuse                        Hexes                        3
   d - Tukima's Dance                 Hexes                        3
   e - Dazzling Spray                 Conjuration/Hexes            3
Comestibles
 d - a bread ration
 p - 2 fruits
 s - 2 royal jellies


   Skills:
 * Level 6.6 Short Blades
 + Level 2.8 Armour
 * Level 9.0 Dodging
 * Level 10.3 Stealth
 * Level 7.9 Spellcasting
 + Level 2.5 Conjurations
 + Level 6.3 Hexes
 + Level 2.9 Ice Magic
 + Level 1.4 Invocations


You had 8 spell levels left.
You knew the following spells:

 Your Spells              Type           Power        Failure   Level  Hunger
a - Corona                Hex            ####...      1%          1    None
b - Ensorcelled Hibernat  Hex/Ice        ###...       1%          2    None
c - Confuse               Hex            ####....     2%          3    #......
d - Tukima's Dance        Hex            ####....     2%          3    #......
e - Dazzling Spray        Conj/Hex       ###.....     6%          3    #......


Dungeon Overview and Level Annotations

Branches:
Dungeon (1/1)

Altars:
Dithmenos
Gozag
Kikubaaqudgha
Makhleb
Nemelex Xobeh
Qazlal
Ru
Sif Muna
Vehumet
Xom
Jiyva
Lugonu


Innate Abilities, Weirdness & Mutations

You are tiny and cannot use many weapons and most armour.
You have supernaturally acute eyesight.
You are a herbivore.
You cover ground extremely quickly.
You need consume almost no food.
You are partially covered in large bone plates (AC +2, SH +2).


Message History

Aiming: Ensorcelled Hibernation
Press: ? - help, Shift-Dir - straight line, f/p - wizard
Aim: a wizard, wielding a dagger of electrocution and wearing a robe (chance to defeat MR: 20%)
The wizard looks drowsy...
The soul eater completely misses you.
Unknown command.
The helpless wizard fails to defend itself.
You skewer the wizard like a kebab!!!
You kill the wizard!
Dithmenos accepts your kill.
Your Dodging skill increases to level 9!
Unknown command.
Casting: Ensorcelled Hibernation
Confirm with . or Enter, or press ? or * to list all spells.
Aiming: Ensorcelled Hibernation
Press: ? - help, Shift-Dir - straight line, f - soul eater
Aim: a soul eater (summoned, chance to defeat MR: 0%)
The soul eater is unaffected.
The soul eater draws from the surrounding life force!
Ouch! That really hurt!
You die...

.#.....[#####..# ,
##.......#..#..# *
.##.##...#..#..###+#+###+##
.##.###..##+#..#..........#
####.##..###...'.⌠........#
##..##..####...#...######+#
....##..###....#.⌠.#__#...#
#..##%..##.%...#...#__#...#
..##....#......#@###__#...#
.###..##.#..)..#3K:#__#...+
.# #..#####....#___#_.+...#
▓▓ ▓▓▓▓ ▓▓▓▓▓▓▓▓▓▓▓▓▓▓▓▓▓ ≈
, , * * ≈ **


You could see a soul eater and a kobold demonologist.

Vanquished Creatures
  A shadow (D)
  A spatial vortex (D)
  A water elemental (D)
  A wizard (D)
  A jelly (D)
  Crazy Yiuf (D)
  Jessica (D)
  A human (D)
  An ooze (D)
  2 rats (D)
11 creatures vanquished.

Vanquished Creatures (others)
  2 draconian scorchers (D)
  A yaktaur (D)
3 creatures vanquished.

Grand Total: 14 creatures vanquished

Notes
Turn   | Place    | Note
--------------------------------------------------------------
     0 | D        | Kidiri the Spriggan Enchanter began the quest for the Orb.
     0 | D        | Reached XP level 1. HP: 9/9 MP: 5/5
    24 | D        | Noticed Jessica
    35 | D        | Killed Jessica
    35 | D        | Reached skill level 1 in Armour
    35 | D        | Reached skill level 6 in Stealth
    35 | D        | Reached XP level 2. HP: 10/13 MP: 5/8
    35 | D        | Reached XP level 3. HP: 12/16 MP: 5/9
    40 | D        | Learned a level 3 spell: Confuse
    43 | D        | Learned a level 2 spell: Ensorcelled Hibernation
    45 | D        | Killed a yaktaur
    47 | D        | Learned a level 3 spell: Dazzling Spray
   114 | D        | Noticed Crazy Yiuf
   117 | D        | Killed Crazy Yiuf
   117 | D        | Reached skill level 5 in Dodging
   123 | D        | Reached skill level 7 in Stealth
   123 | D        | Reached skill level 5 in Spellcasting
   123 | D        | Reached skill level 1 in Ice Magic
   123 | D        | Reached XP level 4. HP: 21/21 MP: 2/12
   139 | D        | Learned a level 3 spell: Tukima's Dance
   192 | D        | Killed a white draconian scorcher
   211 | D        | Gained mutation: You tend to lose your temper in combat. [potion of mutation]
   211 | D        | Gained mutation: Your magical capacity is low (-10% MP). [potion of mutation]
   211 | D        | Gained mutation: You are clumsy. (Dex -2) [potion of mutation]
   212 | D        | Lost mutation: Your magical capacity is low (-10% MP). [potion of cure mutation]
   212 | D        | Lost mutation: You are clumsy. (Dex -2) [potion of cure mutation]
   213 | D        | Gained mutation: You are frail (-10% HP). [potion of mutation]
   213 | D        | Gained mutation: You are partially covered in large bone plates (AC +2, SH +2). [potion of mutation]
   214 | D        | Gained mutation: You passively map a small area around you. [potion of mutation]
   214 | D        | Gained mutation: You are dopey. (Int -2) [potion of mutation]
   215 | D        | Lost mutation: You are dopey. (Int -2) [potion of cure mutation]
   215 | D        | Lost mutation: You are frail (-10% HP). [potion of cure mutation]
   215 | D        | Lost mutation: You passively map a small area around you. [potion of cure mutation]
   215 | D        | Lost mutation: You tend to lose your temper in combat. [potion of cure mutation]
   219 | D        | Killed a white draconian scorcher
   255 | D        | Noticed a water elemental
   257 | D        | Killed a water elemental
   257 | D        | Reached skill level 1 in Conjurations
   257 | D        | Reached skill level 5 in Hexes
   257 | D        | Reached XP level 5. HP: 24/24 MP: 14/14
   267 | D        | Noticed a jelly
   268 | D        | Noticed a shadow
   270 | D        | Killed a shadow
   270 | D        | Reached skill level 5 in Short Blades
   270 | D        | Reached skill level 8 in Dodging
   270 | D        | Reached skill level 9 in Stealth
   270 | D        | Reached XP level 6. HP: 28/28 MP: 15/17
   274 | D        | Killed a jelly
   300 | D        | Found a stormy altar of Qazlal.
   301 | D        | Found a sacrificial altar of Ru.
   301 | D        | Found a burning altar of Makhleb.
   301 | D        | Found a viscous altar of Jiyva.
   301 | D        | Found a shimmering altar of Xom.
   301 | D        | Found a shadowy altar of Dithmenos.
   301 | D        | Found a sparkling altar of Nemelex Xobeh.
   301 | D        | Found a corrupted altar of Lugonu.
   301 | D        | Found an opulent altar of Gozag.
   301 | D        | Noticed a spatial vortex
   305 | D        | Became a worshipper of Dithmenos the Shadowed
   308 | D        | Killed a spatial vortex
   308 | D        | Reached skill level 10 in Stealth
   308 | D        | Reached skill level 1 in Invocations
   331 | D        | Found a radiant altar of Vehumet.
   332 | D        | Found a deep blue altar of Sif Muna.
   332 | D        | Found an ancient bone altar of Kikubaaqudgha.
   332 | D        | Noticed a wizard
   333 | D        | Noticed a soul eater
   335 | D        | Killed a wizard
   336 | D        | Killed from afar by a soul eater

Vault maps used:
D:        dungeon_sprint_mu

Action                   |  1- 3 |  4- 6 || total
-------------------------+-------+-------++-------
Melee: Dagger            |    13 |     5 ||    18
 Cast: Corona            |     2 |       ||     2
       Ensorcelled Hiber |     3 |     4 ||     7
  Use: Potion            |       |     5 ||     5
       Scroll            |       |     1 ||     1
 Stab: Sleeping          |     5 |     5 ||    10
